 Dungeon Crawl Stone Soup version 0.23-a0-451-g1044d4c (webtiles) character file.

62 Lavandula the Gusty (level 4, -2/36 HPs)
             Began as a Naga Air Elementalist on Nov 22, 2018.
             Slain by a big kobold
             ... wielding a +0 whip
              (3 damage)
             ... in a sewer.
             The game lasted 00:04:18 (806 turns).

Lavandula the Gusty (Naga Air Elementalist)          Turns: 806, Time: 00:04:18

Health: -2/36      AC:  2    Str: 10    XL:     4   Next: 8%
Magic:  1/9        EV: 10    Int: 17    God:
Gold:   47         SH:  0    Dex: 11    Spells: 3/9 levels left

rFire    . . .     SeeInvis +   b - +2 dagger (flame)
rCold    . . .     Gourm    .   (no shield)
rNeg     . . .     Faith    .   a - +0 robe
rPois    +         Spirit   .   (no helmet)
rElec    .         Reflect  .   (no cloak)
rCorr    .         Harm     .   (no gloves)
MR       .....                  (no barding)
Stlth    ++........             (no amulet)
HPRegen  0.12/turn              (no ring)
MPRegen  0.11/turn              (no ring)

@: about to teleport, very slow
A: large, see invisible, deformed body, poison resistance, slowness 2, slow
metabolism 1, spit poison 1, AC +1
a: Spit Poison


You were in a sewer.
You were not hungry.

You visited 1 branch of the dungeon, and saw 4 of its levels.
You also visited: Sewer.

You collected 47 gold pieces.

Inventory:

Hand Weapons
 b - a +2 dagger of flaming (weapon)
Armour
 a - a +0 robe (worn)
Scrolls
 d - a scroll of teleportation
 h - a scroll of enchant weapon {unknown}
Potions
 e - 2 potions of lignification {unknown}
 f - a potion of haste {unknown}
 g - a potion of mutation {unknown}
 i - a potion of brilliance {unknown}
Comestibles
 c - 2 rations


   Skills:
 - Level 1.5 Dodging
 - Level 3.0 Stealth
 + Level 3.3 Spellcasting
 - Level 1.0 Conjurations
 - Level 3.7 Air Magic


You had 3 spell levels left.
You knew the following spells:

 Your Spells              Type           Power        Failure   Level  Hunger
a - Shock                 Conj/Air       ##..         6%          1    None
b - Swiftness             Chrm/Air       #.......     12%         2    ##.....
c - Static Discharge      Conj/Air       ##......     19%         3    ###....

Your spell library contained the following spells:

 Spells                   Type           Power        Failure   Level  Hunger
 Airstrike                Air            ###.......   34%         4    ####...
 Lightning Bolt           Conj/Air       ##........   87%         5    ######.


Dungeon Overview and Level Annotations

Branches:
Dungeon (4/15)
 Temple: D:4-7

Altars:


Innate Abilities, Weirdness & Mutations

You cannot wear boots.
Your serpentine skin is tough. (AC +1)
You have supernaturally acute eyesight. (SInv)
Armour fits poorly on your strangely shaped body.
Your system is resistant to poisons. (rPois)
You cover ground very slowly.
You have a slow metabolism.
You can spit poison.


Message History

Okay, then.
There are monsters nearby!
Unknown command.
Press: ? - help, Shift-Dir - straight line, f - big kobold
Aim: a big kobold, wielding a +0 whip (heavily wounded)
The splash of poison hits the big kobold.
The big kobold is heavily wounded.
You feel slightly more hungry. The big kobold hits you with a +0 whip.
* * * LOW HITPOINT WARNING * * *
Okay, then.
As you read the scroll of teleportation, it crumbles to dust.
You feel strangely unstable. The big kobold hits you with a +0 whip.
* * * LOW HITPOINT WARNING * * *
The kobold hits you but does no damage.
Unknown command.
You have got your breath back.
The big kobold hits you with a +0 whip.
* * * LOW HITPOINT WARNING * * *
The big kobold hits you with a +0 whip.
You die...

#≈# #≈# #≈# #≈# #≈#
#########≈##
#.≈≈≈..≈≈≈≈#######
#..≈≈†KK≈≈≈≈.....#######
#≈≈≈≈≈≈≈@≈≈≈≈≈≈≈≈≈≈≈≈≈≈#
.)≈≈≈≈≈≈≈≈≈≈≈≈≈≈≈≈≈≈≈≈≈≈≈≈
.#.≈≈≈≈≈≈≈≈≈≈≈≈≈≈≈≈≈≈≈≈###
#.≈≈≈≈≈..≈.≈.....######
#....≈..≈..###.###
############ #∩# ###


You could see a big kobold and a kobold.

Vanquished Creatures
  2 adders (D:2)
  A river rat (Sewer)
  A leopard gecko (D:1)
  7 orcs (D:3)
  A giant cockroach (D:3)
  3 goblins
  A hobgoblin (D:3)
  2 jackals (Sewer)
  A frilled lizard (D:3)
  4 kobolds
  6 rats
29 creatures vanquished.

Notes
Turn   | Place    | Note
-------+----------+-------------------------------------------
     0 | D:1      | Lavandula the Naga Air Elementalist began the quest for the
                  | Orb.
     0 | D:1      | Reached XP level 1. HP: 15/15 MP: 3/3
    69 | D:1      | Reached XP level 2. HP: 19/22 MP: 0/5
   163 | D:2      | Found a faded altar of an unknown god.
   175 | D:2      | Reached XP level 3. HP: 14/28 MP: 0/7
   179 | D:2      | Learned a level 2 spell: Swiftness
   183 | D:2      | Learned a level 3 spell: Static Discharge
   649 | D:4      | Found a glowing drain.
   651 | Sewer    | Entered a sewer
   663 | Sewer    | Reached XP level 4. HP: 18/36 MP: 0/8
   787 | Sewer    | Noticed a big kobold
   806 | Sewer    | HP: 1/36 [big kobold/+0 whip (5)]
   806 | Sewer    | Slain by a big kobold

Vault maps used:
D:1:      lemuel_arrival_muddy
D:2:      chequers_ecumenical_altar_simple_redux
D:3:      first_ration, uniq_grinder
D:4:      cheibriados_altar_1, kennysheep_little_box, portal_sewer_entry_d
Sewer:    sewer_kobolds

Skill      XL: |  1  2 |
---------------+-------+-----
Spellcasting   | 3 |  3.3
Dodging        | |  1.5
Stealth        | |  3.0
Conjurations   | |  1.0
Air Magic      | |  3.7

Action                   |  1- 3 |  4- 6 || total
-------------------------+-------+-------++-------
Melee: Dagger            |    15 |       ||    15
 Cast: Shock             |    38 |    10 ||    48
 Abil: Spit Poison       |    14 |     3 ||    17
  Use: Scroll            |     1 |     1 ||     2
Armor: Robe              |     1 |     2 ||     3
Dodge: Dodged            |    11 |     5 ||    16

Table legend:
 A = Non-vault XP
 B = Vault XP
 C = Vault XP percentage of total XP
 D = Non-vault monster count
 E = Vault monster count
 F = Vault count percentage of total count
                 A         B        C        D         E       F
            +---------+---------+-------+---------+---------+-------
      Total |      67 |      22 |  24.7 |      22 |       7 |  24.1
            +---------+---------+-------+---------+---------+-------
        D:1 |      11 |       0 |   0.0 |       6 |       0 |   0.0
        D:2 |      27 |       0 |   0.0 |       3 |       0 |   0.0
        D:3 |      29 |       0 |   0.0 |      13 |       0 |   0.0
      Sewer |       0 |      22 | 100.0 |       0 |       7 | 100.0
            +---------+---------+-------+---------+---------+-------
